AoeStats
← eltomooo

Arabia

505109168Analyzed
3v3 RM · 24d ago on Sep 7, 2026· 28m 18s· 6 players
Game mode
Random Map
Map size
Normal (6 player)
Population
200
Speed
Normal
Resources
Standard
Victory
Conquest
Starting age
Dark Age
Ending age
Imperial Age
RankedLock teamsTeams togetherTeam positionsShared explorationLock speedFull tech treeHidden civsTurbo modeCheats
Victory
Defeat
🇦🇷 Vietnamese · Argentina
1316
+10
🇦🇷 Maya · Argentina
1280
+11
🇦🇷 Franks · Argentina
1163
+16
🇨🇴 Magyars · Colombia
1218
-14
🇪🇸 Koreans · Spain
1162
-12
🇨🇿 Britons · Czechia
1143
-11
danielcv1112
7:04 Loom
9:27 Feudal Age
10:19 Double-Bit Axe
15:21 Scale Barding Armor
17:51 Horse Collar
22:31 Castle Age
20:58 Bloodlines
21:16 Gold Mining
23:18 Husbandry
26:49 Chain Barding Armor
jaimelugu8
7:33 Loom
10:02 Feudal Age
10:39 Town Watch
hrad_cz
4:08 Loom
11:03 Feudal Age
11:45 Double-Bit Axe
15:42 Fletching
16:55 Wheelbarrow
22:46 Castle Age
21:22 Padded Archer Armor
22:43 Gold Mining
24:13 Bow Saw
24:05 Bodkin Arrow
24:20 Crossbowman
24:35 Elite Skirmisher
25:52 Leather Archer Armor
28:02 Town Watch
misspa
0:25 Loom
11:43 Feudal Age
12:29 Double-Bit Axe
14:51 Fletching
23:25 Castle Age
21:54 Padded Archer Armor
22:06 Gold Mining
22:45 Horse Collar
23:26 Crossbowman
24:35 Thumb Ring
25:05 Bodkin Arrow
26:33 Leather Archer Armor
chesco torres
5:42 Loom
10:14 Feudal Age
12:17 Double-Bit Axe
19:04 Gold Mining
21:49 Castle Age
21:04 Scale Barding Armor
21:10 Forging
22:39 Husbandry
23:07 Chain Barding Armor
25:01 Bow Saw
25:28 Iron Casting
26:07 Gold Shaft Mining
eltomooo
7:58 Loom
10:20 Feudal Age
11:00 Double-Bit Axe
15:17 Fletching
26:08 Castle Age
24:43 Padded Archer Armor
24:51 Gold Mining
24:45 Horse Collar
26:48 Bodkin Arrow
26:25 Crossbowman
29:18 Ballistics
Connection lost

Rejoining the realm…

Still unreachable

The connection could not be restored.

Session expired

The server has moved on; the page needs a fresh start.